 Dungeon Crawl Stone Soup version 0.29-a0-393-g47a863cc1b (console) character file.

Game seed: 9176183194267880819

411 om the Chopper (level 6, -10/78 HPs)
             Began as a Minotaur Berserker on May 10, 2022.
             Was a Believer of Trog.
             Mangled by a two-headed ogre
             ... wielding a +0 giant spiked club
              (19 damage)
             ... on level 4 of the Dungeon.
             The game lasted 00:07:24 (3117 turns).

om the Chopper (Minotaur Berserker)                 Turns: 3117, Time: 00:07:24

Health: -10/78     AC:  8    Str: 21    XL:     6   Next: 58%
Magic:  5/5        EV: 11    Int:  4    God:    Trog [**....]
Gold:   162        SH:  0    Dex: 12    Spells: 5/5 levels left

rFire   . . .      SeeInvis +   q - +0 broad axe
rCold   . . .      Faith    .   (no shield)
rNeg    . . .      Spirit   .   n - +2 ring mail {rPois}
rPois   +          Reflect  .   (helmet restricted)
rElec   .          Harm     .   (no cloak)
rCorr   .          Rampage  .   (no gloves)
Will    .....                   (no boots)
Stlth   ..........              (no amulet)
HPRegen 0.23/turn               i - ring of see invisible
MPRegen 0.09/turn               (no ring)

@: berserking (expiring), very quick
A: horns 2, retaliatory headbutt
a: Renounce Religion, Berserk, Trog's Hand


You were on level 4 of the Dungeon.
You worshipped Trog.
Trog was pleased with you.
You visited 1 branch of the dungeon, and saw 4 of its levels.

You collected 206 gold pieces.
You spent 44 gold pieces at shops.

Inventory:

Hand Weapons
 a - a +0 hand axe
 q - a +0 broad axe (weapon)
Missiles
 e - 8 boomerangs (quivered)
 r - a throwing net
Armour
 n - a +2 ring mail of poison resistance (worn)
 p - a +0 kite shield
Jewellery
 i - a ring of see invisible (left hand)
Scrolls
 k - a scroll of amnesia {unknown}
 o - a scroll of enchant armour {unknown}
 t - a scroll of enchant weapon {unknown}
Potions
 c - a potion of curing {unknown}
 d - a potion of heal wounds {unknown}
 h - a potion of resistance {unknown}
 j - a potion of cancellation {unknown}
 l - 2 potions of might
 m - a potion of lignification
 s - a potion of brilliance {unknown}


   Skills:
 - Level 4.0 Fighting
 * Level 7.3 Axes
 + Level 5.0 Armour
 - Level 3.0 Dodging


You had 5 spell levels left.
You didn't know any spells.
Your spell library was empty.

Dungeon Overview and Level Annotations

Branches:
Dungeon (4/15)
 Temple: D:4-7

Altars:
Hepliaklqana
Sif Muna

Shops:
D:2 !=:!   D:4 (


Innate Abilities, Weirdness & Mutations

You have a pair of horns on your head.
You reflexively headbutt those who attack you in melee.


Message History

You see here a hobgoblin corpse.
No target in view!
Found Qunkaos's Antique Weapon Emporium.
No target in view!
There is an open door here.
There is an entrance to Qunkaos's Antique Weapon Emporium here.
There is an open door here.
There is an open door here.
A ball python comes into view.
The ball python hisses angrily.
A ball python is nearby!
You closely miss the ball python.
The ball python bites you but does no damage.
The ball python grabs you. The ball python constricts you.
You closely miss the ball python.
The ball python bites you but does no damage.
The ball python constricts you. The ball python barely misses you.
The ball python constricts you.
You closely miss the ball python. You headbutt the ball python.
You kill the ball python!
Trog accepts your kill.
A two-headed ogre comes into view.
It is wielding a +0 giant spiked club and a +0 giant club.
Unknown command.
The two-headed ogre shouts in stereo!
A red film seems to cover your vision as you go berserk!
You feel yourself moving faster!
You feel mighty!
You feel a strong urge to attack something.
The two-headed ogre hits you with a +0 giant spiked club!!
The two-headed ogre hits you with a +0 giant club!!
* * * LOW HITPOINT WARNING * * *
You see here a ball python corpse.
You hit the two-headed ogre. You headbutt the two-headed ogre!
The two-headed ogre is moderately wounded.
You are too injured to fight recklessly!
You slash the two-headed ogre!
The two-headed ogre is heavily wounded.
The two-headed ogre hits you with a +0 giant spiked club!
* * * LOW HITPOINT WARNING * * *
The two-headed ogre hits you with a +0 giant club!!
You die...

## ##....# #
##..##.## ##..###..#
##....###'###
#..##.#≈≈.≈≈#
..###.#≈♣.♣≈### .
.## #.'..∩..'.####
... ##
###≈♣.♣≈#.#..##.....
# #≈≈.≈≈#...@O......
# ###'###.#........#
.# #.....###.....##
.. ####### .......
#. ##..... #...#
...# ..#


You could see a two-headed ogre.

Vanquished Creatures
  Edmund (D:4)
  A necrophage (D:4)
  A scorpion (D:3)
  A hound (D:3)
  4 gnolls (D:2)
  3 adders (D:3)
  A worm (D:2)
  3 dart slugs
  7 orcs
  3 bats
  3 endoplasms (D:1)
  4 giant cockroaches
  6 goblins
  8 hobgoblins
  2 jackals (D:2)
  5 kobolds
  2 quokkas (D:1)
  7 ball pythons
  A frilled lizard (D:1)
  6 rats
69 creatures vanquished.

Notes
Turn   | Place    | Note
-------+----------+-------------------------------------------
     0 | D:1      | om the Minotaur Berserker began the quest for the Orb.
     0 | D:1      | Reached XP level 1. HP: 19/19 MP: 0/0
    78 | D:1      | Reached skill level 4 in Axes
    78 | D:1      | Reached XP level 2. HP: 23/27 MP: 1/1
   624 | D:1      | Found a faded altar of an unknown god.
   642 | D:1      | Found a faded altar of an unknown god.
   791 | D:2      | Found Finipt's Book Emporium.
   803 | D:2      | Reached XP level 3. HP: 23/33 MP: 2/2
  1126 | D:2      | Found Tywoz's Jewellery Boutique.
  1160 | D:2      | Found Suero's Distillery.
  1168 | D:2      | Reached XP level 4. HP: 13/40 MP: 3/3
  1403 | D:2      | Bought a potion of degeneration for 11 gold pieces
  1403 | D:2      | Bought a potion of lignification for 33 gold pieces
  1548 | D:2      | Found a shimmering blue altar of Sif Muna.
  1560 | D:2      | Found Piopog's Distillery.
  1609 | D:2      | Reached ** piety under Trog
  2029 | D:3      | Reached skill level 5 in Axes
  2045 | D:3      | Noticed a scorpion
  2054 | D:3      | Killed a scorpion
  2055 | D:3      | Reached XP level 5. HP: 46/46 MP: 4/4
  2500 | D:3      | Reached skill level 6 in Axes
  2712 | D:4      | Noticed Edmund
  2722 | D:4      | Killed Edmund
  2723 | D:4      | Reached XP level 6. HP: 33/52 MP: 5/5
  2724 | D:4      | Reached skill level 7 in Axes
  2903 | D:4      | Found a hazy altar of Hepliaklqana.
  2980 | D:4      | Reached skill level 5 in Armour
  3090 | D:4      | Found Qunkaos's Antique Weapon Emporium.
  3109 | D:4      | Noticed a two-headed ogre
  3117 | D:4      | Mangled by a two-headed ogre

Illustrated notes

Levels and vault maps discovered:
D:1:      lemuel_arrival_tunnels, layout_rooms,
          hellmonk_ecumenical_altar_the_god_not_taken
D:2:      layout_basic, basic_altar, serial_shops, nicolae_diamond_shop, shop,
          shop, nicolae_shop_competitors_out_of_business
D:3:      layout_rooms, minmay_puff
D:4:      layout_layer_cave, general_overflow_altar, serial_shops,
          kennysheep_little_box, uniq_edmund

Skill      XL: |  1  2  3  4  5  6 |
---------------+-------------------+-----
Axes           | 4 5 6 7 |  7.3
Fighting       | 4 |  4.0
Armour         | 3 4 5 |  5.0
Dodging        | 3 |  3.0

Action                   |  1- 3 |  4- 6 || total
-------------------------+-------+-------++-------
Melee: Hand axe          |    50 |    32 ||    82
       Headbutt          |     6 |    11 ||    17
       Punch             |     1 |     1 ||     2
       Broad axe         |       |    41 ||    41
Invok: Berserk           |     2 |     4 ||     6
  Use: Scroll            |       |     4 ||     4
Armor: Animal skin       |    11 |     1 ||    12
       Ring mail         |       |    21 ||    21
Dodge: Dodged            |    36 |    38 ||    74

Table legend: (Time is in decaauts)
 A = Elapsed time spent in this place.
 B = Non-inter-level travel time spent in this place.
 C = Inter-level travel time spent in this place.
 D = Time resting spent in this place.
 E = Time spent auto-exploring this place.
 F = Levels seen in this place.
 G = Mean time per level.
                   A        B        C        D        E       F      G
               +--------+--------+--------+--------+--------+-----+--------+
         Total |   3178 |   3103 |     75 |    878 |   1685 |   4 |  794.5 |
       Dungeon |   3178 |   3103 |     75 |    878 |   1685 |   4 |  794.5 |
               +--------+--------+--------+--------+--------+-----+--------+

Top non-repeatable levels by time:
     D:2: 1240 daAuts
     D:3: 868 daAuts
     D:1: 797 daAuts
     D:4: 271 daAuts
